 Dungeon Crawl Stone Soup version 0.23-a0-644-gb60d84b (webtiles) character file.

92 Borgoz the Ruffian (level 4, -7/37 HPs)
             Began as a Ghoul Gladiator on Jan 1, 2019.
             Killed by divine providence
             ... invoked by an orc priest
              (11 damage)
             ... on level 3 of the Dungeon.
             The game lasted 00:02:23 (1104 turns).

Borgoz the Ruffian (Ghoul Gladiator)                Turns: 1104, Time: 00:02:24

Health: -7/37      AC:  9    Str: 17    XL:     4   Next: 60%
Magic:  12/12      EV:  8    Int:  8    God:
Gold:   148        SH:  0    Dex: 11    Spells: 3/3 levels left

rFire    . . .     SeeInvis .     - Unarmed
rCold    + . .     Gourm    .   (no shield)
rNeg     + + +     Faith    .   i - +0 chain mail
rPois    ∞         Spirit   .   b - +0 helmet
rElec    .         Reflect  .   (no cloak)
rCorr    .         Harm     .   (no gloves)
MR       .....                  (no boots)
Stlth    ..........             (no amulet)
HPRegen  0.00/turn              h - ring of magical power
MPRegen  0.13/turn              (no ring)

@: brilliant, rotting
A: rotting body, claws 1, carnivore, cold resistance 1, negative energy
resistance 3, inhibited regeneration, torment resistance, unbreathing
a: no special abilities


You were on level 3 of the Dungeon.
You were not hungry.

You visited 1 branch of the dungeon, and saw 4 of its levels.

You collected 148 gold pieces.

Inventory:

Missiles
 c - 3 throwing nets (quivered)
Armour
 b - a +0 helmet (worn)
 i - a +0 chain mail (worn)
Jewellery
 a - an uncursed ring of positive energy {unknown}
 h - a ring of magical power (left claw)
Scrolls
 e - a scroll of enchant weapon {unknown}
 g - 2 scrolls of identify {unknown}
Comestibles
 d - a ration
 f - 4 chunks of flesh


   Skills:
 + Level 2.5 Fighting
 - Level 1.7 Throwing
 + Level 1.1 Armour
 + Level 3.3 Dodging
 + Level 4.7 Unarmed Combat


You had 3 spell levels left.
You didn't know any spells.
Your spell library was empty.

Dungeon Overview and Level Annotations

Branches:
Dungeon (4/15)
 Temple: D:4-7

Altars:
Cheibriados
Gozag
Okawaru
Qazlal
Vehumet


Innate Abilities, Weirdness & Mutations

Your body is rotting away.
You thrive on raw meat.
You are immune to poison.
You have sharp fingernails.
You are carnivorous and can eat meat at any time.
Your flesh is cold resistant. (rC+)
You are immune to negative energy. (rN+++)
You do not regenerate when monsters are visible.
You are immune to unholy pain and torment.
You can survive without breathing.


Message History

The orc priest calls down the wrath of Beogh upon you.
Beogh smites you!
Your chain mail prevents you from hitting the orc.
The orc is almost dead.
The orc barely misses you.
You closely miss the orc.
The orc is almost dead.
The orc priest begins to cast a cantrip, but forgets the words!
The orc hits you but does no damage.
You scratch the orc.
You kill the orc!
The orc priest calls down the wrath of Beogh upon you.
Beogh smites you!
* * * LOW HITPOINT WARNING * * *
You are too injured to fight recklessly!
It was a potion of brilliance.
You feel clever all of a sudden.
The orc priest calls down the wrath of Beogh upon you.
Beogh smites you!
You die...

# # .#. #K# #o# #.#
#K# #o#############
#.##(.....)...#
##@##.########.#
#...#.#### #.#
#........# ##.##
#...#.##.####...###
#####.##...........
#.##.####...### #..
.......## ###
.#######


You could see an orc priest, an orc and 2 kobolds.

Vanquished Creatures
  3 gnolls (D:2)
  2 adders (D:2)
  2 dart slugs (D:1)
  2 orcs (D:3)
  A giant cockroach (D:2)
  4 goblins
  4 hobgoblins (D:1)
  3 jackals (D:1)
  A kobold (D:2)
  A quokka (D:2)
  A ball python (D:1)
  6 bats
  3 frilled lizards
  9 rats
42 creatures vanquished.

Notes
Turn   | Place    | Note
-------+----------+-------------------------------------------
     0 | D:1      | Borgoz the Ghoul Gladiator began the quest for the Orb.
     0 | D:1      | Reached XP level 1. HP: 17/17 MP: 0/0
   114 | D:1      | Reached XP level 2. HP: 9/24 MP: 1/1
   554 | D:1      | Reached XP level 3. HP: 30/30 MP: 2/2
   607 | D:2      | Reached skill level 4 in Unarmed Combat
   631 | D:2      | Reached XP level 4. HP: 12/37 MP: 3/3
   661 | D:2      | Reached skill level 1 in Armour
   819 | D:2      | Found an iron altar of Okawaru.
   822 | D:2      | Found a snail-covered altar of Cheibriados.
   828 | D:2      | Found a stormy altar of Qazlal.
   829 | D:2      | Found a radiant altar of Vehumet.
   829 | D:2      | Found an opulent altar of Gozag.
  1060 | D:2      | You fall through a shaft for 2 floors!
  1104 | D:3      | Killed from afar by an orc priest

Vault maps used:
D:1:      wander_arrival_fairy_ring
D:2:      minitemple
D:4:      lemuel_coloured_pillars_altar, uniq_robin, uniq_pikel

Skill      XL: |  1  2  3  4 |
---------------+-------------+-----
Dodging        | 3 |  3.3
Unarmed Combat | 4 |  4.7
Armour         | 1 |  1.1
Fighting       | |  2.5
Throwing       | |  1.7

Action                   |  1- 3 |  4- 6 || total
-------------------------+-------+-------++-------
Melee: Unarmed           |    84 |    54 ||   138
  Use: Potion            |     2 |     1 ||     3
  Eat: Chunk             |     4 |     4 ||     8
Armor: Leather armour    |    25 |       ||    25
       Chain mail        |       |    31 ||    31
Dodge: Dodged            |    49 |    23 ||    72

Table legend:
 A = Non-vault XP
 B = Vault XP
 C = Vault XP percentage of total XP
 D = Non-vault monster count
 E = Vault monster count
 F = Vault count percentage of total count
                 A         B        C        D         E       F
            +---------+---------+-------+---------+---------+-------
      Total |     132 |       0 |   0.0 |      42 |       0 |   0.0
            +---------+---------+-------+---------+---------+-------
        D:1 |      37 |       0 |   0.0 |      22 |       0 |   0.0
        D:2 |      88 |       0 |   0.0 |      17 |       0 |   0.0
        D:3 |       7 |       0 |   0.0 |       3 |       0 |   0.0
            +---------+---------+-------+---------+---------+-------
